 Dungeon Sprint DCSS version 0.31-a0-881-ge136f0c47a (webtiles) character file.

Game seed: 14036343820805013896

498 rocky1 the Spear-Bearer (level 6, -1/52 HPs)
             Began as a Demonspawn Gladiator on Oct 16, 2023.
             Was a Follower of Qazlal.
             Slain by a neqoxec (9 damage)
             ... in the Dungeon (Sprint II: "The Violet Keep of Menkaure").
             The game lasted 00:01:55 (353 turns).

rocky1 the Spear-Bearer (Demonspawn Gladiator)       Turns: 353, Time: 00:01:56

Health: -1/52      AC:  2    Str: 16    XL:     6   Next: 94%
Magic:  7/9        EV: 15    Int:  9    God:    Qazlal [*.....]
Gold:   243        SH:  1    Dex: 15    Spells: 5/5 levels left

rFire   . . .        a - +0 trident
rCold   . . .        (no shield)
rNeg    . . .        b - +0 leather armour
rPois   .            c - +0 helmet
rElec   .            (no cloak)
rCorr   .            (no gloves)
SInv    .            (no boots)
Will    .....        (no amulet)
Stlth   +            (no ring)
HPRegen 0.28/turn    (no ring)
MPRegen 0.11/turn

%: no teleportation
@: hasted (expiring), very quick
A: hooves 1, ignite blood 1, big brain 1, demonic magic 1, deformed body, dopey
1, no potion heal 1, inability to read after injury 1
a: Renounce Religion


You were in the Dungeon.
You worshipped Qazlal.
Qazlal was aware of your devotion.
You visited 1 branch You collected 243 gold pieces.

Inventory:

Hand Weapons
 a - a +0 trident (weapon)
Missiles
 d - 2 throwing nets (quivered)
 e - a javelin
Armour
 b - a +0 leather armour (worn)
 c - a +0 helmet (worn)
Scrolls
 k - a scroll of blinking
Potions
 i - 2 potions of magic


   Skills:
 + Level 6.0 Fighting
 + Level 9.3 Polearms
 - Level 1.7 Throwing
 + Level 2.6 Armour
 + Level 8.1 Dodging
 * Level 4.9 Invocations


You had 5 spell levels left.
You didn't know any spells.
Your spell library was empty.

Dungeon Overview and Level Annotations

Branches:
Dungeon (1/1)

Altars:
Cheibriados
Dithmenos
Fedhas
Gozag
Hepliaklqana
Kikubaaqudgha
Makhleb
Nemelex Xobeh
Okawaru
Qazlal
Ru
Sif Muna
Trog
Uskayaw
Vehumet
Wu Jian
Xom
Yredelemnul
Jiyva
Lugonu

Shops:
D ?[?*


Innate Abilities, Weirdness & Mutations

You have large cloven feet.
Your demonic aura sometimes causes spilled blood to erupt in flames.
You have an unusually large brain. (Int +2)
Spells you cast may paralyse adjacent enemies.
Armour fits poorly on your strangely shaped body.
You are dopey. (Int -2)
Potions are less effective at restoring your health.
You occasionally lose the ability to read scrolls when taking damage.


Message History

Qazlal accepts your kill.
You are now surrounded by a storm.
The neqoxec hits you.
Your Fighting skill increases to level 6!
Your Polearms skill increases to level 9!
Your Dodging skill increases to level 8!
Your Invocations skill increases to level 4!
The neqoxec hits you!
You see here 243 gold pieces.
You hit the neqoxec. Your kick misses the neqoxec.
The neqoxec is lightly wounded.
You closely miss the neqoxec.
The neqoxec is lightly wounded.
The neqoxec closely misses you.
You puncture the neqoxec! Your kick misses the neqoxec.
The neqoxec is moderately wounded.
Your extra speed is starting to run out.
You hit the neqoxec. You kick the neqoxec, but do no damage.
The neqoxec is heavily wounded.
The neqoxec completely misses you.
You hit the neqoxec. You kick the neqoxec.
The neqoxec is severely wounded.
You hit the neqoxec but do no damage. Your kick misses the neqoxec.
The neqoxec is severely wounded.
The neqoxec misses you.
You hit the neqoxec. You kick the neqoxec.
The neqoxec is almost dead.
The neqoxec gestures at you.
Something tries to feed on your intellect!
You closely miss the neqoxec. You kick the neqoxec.
The neqoxec is almost dead.
You hit the neqoxec but do no damage. Your kick misses the neqoxec.
The neqoxec is almost dead.
The neqoxec hits you!
* * * LOW HITPOINT WARNING * * *
You hit the neqoxec but do no damage.
The neqoxec is almost dead.
You miss the neqoxec.
The neqoxec is almost dead.
The neqoxec hits you!
You die...

.. .... .. ∩... .####
.∩..# ...# ..⌠.# ##
###..## .∩..#~##.# #+#
#.##..#
∩...#~#..###.###..#†.#
....'~3@##'.<.'.##+..###
....#~#.#.##.###..#....#
▓▓### ##.###+# #.##.....
#### ### .#. ###~~.§..
l# #l#~§§~§~~. ##
##~~~~~~§~ #~~~≈§§~~~
~~~~~~≈§§§~ +++#~≈≈≈§≈≈


You could see a neqoxec.

Vanquished Creatures
  2 neqoxecs (D)
  4 scorpions (D)
6 creatures vanquished.

Vanquished Creatures (others)
  A water moccasin (D)
1 creature vanquished.

Grand Total: 7 creatures vanquished

Notes
Turn   | Place    | Note
-------+----------+-------------------------------------------
     0 | D        | rocky1 the Demonspawn Gladiator began the quest for the
                  | Orb.
     0 | D        | Reached XP level 1. HP: 16/16 MP: 1/1
     1 | D        | Noticed a scorpion
     1 | D        | Noticed a scorpion
     9 | D        | Killed a scorpion
    10 | D        | Reached skill level 5 in Polearms
    10 | D        | Reached skill level 5 in Dodging
    10 | D        | Gained mutation: You have an unusually large brain. (Int
                  | +2) [demonic ancestry]
    10 | D        | Reached XP level 2. HP: 24/24 MP: 2/2
    10 | D        | Gained mutation: You have large cloven feet. [demonic
                  | ancestry]
    10 | D        | Reached XP level 3. HP: 29/29 MP: 3/3
    11 | D        | Killed a scorpion
    12 | D        | Reached skill level 6 in Polearms
    12 | D        | Gained mutation: Your demonic aura sometimes causes spilled
                  | blood to erupt in flames. [demonic ancestry]
    12 | D        | Reached XP level 4. HP: 37/37 MP: 4/4
    13 | D        | Noticed a scorpion
    13 | D        | Noticed a scorpion
    28 | D        | Killed a scorpion
    29 | D        | Reached skill level 7 in Polearms
    29 | D        | Reached XP level 5. HP: 10/43 MP: 5/5
    42 | D        | Reached skill level 1 in Armour
   161 | D        | Noticed a water moccasin
   167 | D        | Killed a water moccasin
   168 | D        | Reached skill level 5 in Fighting
   168 | D        | Reached skill level 8 in Polearms
   169 | D        | Found a snail-covered altar of Cheibriados.
   170 | D        | Found a shadowy altar of Dithmenos.
   171 | D        | Found an ancient bone altar of Kikubaaqudgha.
   171 | D        | Found a viscous altar of Jiyva.
   172 | D        | Found a blossoming altar of Fedhas.
   172 | D        | Found a corrupted altar of Lugonu.
   172 | D        | Found a shimmering blue altar of Sif Muna.
   173 | D        | Found an opulent altar of Gozag.
   173 | D        | Found a burning altar of Makhleb.
   173 | D        | Found a bloodstained altar of Trog.
   174 | D        | Found a sparkling altar of Nemelex Xobeh.
   174 | D        | Found a hide-covered altar of Uskayaw.
   175 | D        | Found a basalt altar of Yredelemnul.
   176 | D        | Found an iron altar of Okawaru.
   176 | D        | Found a radiant altar of Vehumet.
   176 | D        | Found a hazy altar of Hepliaklqana.
   176 | D        | Found a sacrificial altar of Ru.
   176 | D        | Found a shimmering altar of Xom.
   177 | D        | Found a stormy altar of Qazlal.
   177 | D        | Found an ornate altar of the Wu Jian Council.
   180 | D        | Noticed a flying skull
   181 | D        | Noticed a flying skull
   181 | D        | Noticed a flying skull
   181 | D        | Noticed a flying skull
   182 | D        | Noticed a flying skull
   182 | D        | Noticed a flying skull
   182 | D        | Noticed a flying skull
   183 | D        | Noticed a flying skull
   183 | D        | Noticed a flying skull
   186 | D        | Became a worshipper of Qazlal Stormbringer
   188 | D        | Noticed a flying skull
   188 | D        | Noticed a flying skull
   304 | D        | Noticed a wyvern
   304 | D        | Noticed a wyvern
   308 | D        | Noticed a neqoxec
   319 | D        | Gained mutation: Armour fits poorly on your strangely
                  | shaped body. [a neqoxec]
   321 | D        | Gained mutation: You occasionally lose the ability to read
                  | scrolls when taking damage. [a neqoxec]
   322 | D        | Killed a neqoxec
   323 | D        | Gained mutation: Spells you cast may paralyse adjacent
                  | enemies. [demonic ancestry]
   323 | D        | Reached XP level 6. HP: 40/52 MP: 5/8
   325 | D        | Found Yvickis's General Store.
   325 | D        | Found Ettuer's Magic Scroll Shoppe.
   325 | D        | Noticed a neqoxec
   325 | D        | Noticed a neqoxec
   326 | D        | Found Poiryn's Antique Armour Emporium.
   326 | D        | Found Hichovav's Magic Scroll Emporium.
   331 | D        | Gained mutation: You are dopey. (Int -2) [a neqoxec]
   332 | D        | Gained mutation: Potions are less effective at restoring
                  | your health. [a neqoxec]
   341 | D        | Killed a neqoxec
   341 | D        | Reached * piety under Qazlal
   342 | D        | Reached skill level 9 in Polearms
   353 | D        | Slain by a neqoxec

Illustrated notes

Levels and vault maps discovered:
D:        the_violet_keep_of_menkaure [sprint2_stairs_cluster_1,
          sprint2_shoproom, sprint2_temple, sprint2_basic_supplies,
          sprint2_obstacle_5, sprint2_obstacle_1, sprint2_obstacle_2,
          sprint2_obstacle_7, sprint2_obstacle_4, sprint2_timed_cluster_1,
          sprint2_smallroom_cluster_1, sprint2_smallroom_final_cluster_1,
          sprint2_transparent_cluster_1, sprint2_second_timed_cluster_1,
          sprint2_sniper_area_1, sprint2_heavy_combat_area_1,
          sprint2_mutation_trap_area_1, sprint2_forest_area_1,
          sprint2_light_combat_area_1, sprint2_behind_water_1,
          sprint2_near_end_vault_1]

Skill      XL: |  1  2  3  4  5  6 |
---------------+-------------------+-----
Fighting       | 3 4 5 6 |  6.0
Polearms       | 5 6 7 8 9 |  9.3
Dodging        | 5 6 7 8 |  8.1
Armour         | 2 |  2.6
Invocations    | 3 4 |  4.9
Throwing       | |  1.7

Action                     |  1- 3 |  4- 6 || total
---------------------------+-------+-------++-------
  Melee: Trident           |     6 |    68 ||    74
         Kick              |     2 |    18 ||    20
  Throw: Throwing net      |     3 |       ||     3
    Use: Potion            |     1 |     3 ||     4
 Armour: Leather armour    |     2 |    29 ||    31
  Dodge: Dodged            |     2 |    40 ||    42

Table legend: (Time is in decaauts)
 A = Elapsed time spent in this place.
 B = Non-inter-level travel time spent in this place.
 C = Inter-level travel time spent in this place.
 D = Time resting spent in this place.
 E = Time spent auto-exploring this place.
 F = Levels seen in this place.
 G = Mean time per level.
                   A        B        C        D        E       F      G
               +--------+--------+--------+--------+--------+-----+--------+
         Total |    344 |    344 |      0 |    204 |      0 |   1 |  344.0 |
       Dungeon |    344 |    344 |      0 |    204 |      0 |   1 |  344.0 |
               +--------+--------+--------+--------+--------+-----+--------+

Top non-repeatable levels by time:
       D: 344 daAuts
